 Dungeon Crawl Stone Soup version 0.18.1-47-g9310371 (console) character file.

7764 Kloppie the Basher (level 11, -8/153 HPs)
             Began as a Centaur Berserker on June 22, 2016.
             Was a High Priest of Trog.
             Mangled by a spiny frog (21 damage)
             ... on level 1 of the Lair of Beasts.
             The game lasted 00:16:41 (11920 turns).

Kloppie the Basher (Centaur Berserker)             Turns: 11920, Time: 00:16:42

Health: -8/153     AC: 10    Str: 26    XL:     11   Next: 1%
Magic:  11/11      EV:  8    Int:  6    God:    Trog [*****.]
Gold:   560        SH:  0    Dex: 11    Spells: 0 memorised, 10 levels left

rFire  . . .     SeeInvis .     a - +0 flail (holy)
rCold  . . .     Gourm    .     J - +0 scale mail
rNeg   . . .     Faith    .     (no shield)
rPois  .         Spirit   .     b - +0 helmet
rElec  .         Dismiss  .     w - +1 cloak
rCorr  .         Reflect  .     (no gloves)
SustAt +         Harm     .     (no barding)
MR     ++...                    (no amulet)
Stlth  ..........               g - ring of sustain attributes
                                (no ring)

@: berserking, lethally poisoned (-8 -> -10), regenerating, very quick, very
resistant to hostile enchantments, extremely unstealthy
A: hooves 3, deformed body, speed 2, tough skin 3
a: Berserk, Trog's Hand, Brothers in Arms, Burn Spellbooks, Renounce Religion


You were on level 1 of the Lair of Beasts.
You worshipped Trog.
Trog was extremely pleased with you.
You were not hungry.

You visited 2 branches of the dungeon, and saw 10 of its levels.

You collected 735 gold pieces.
You spent 175 gold pieces at shops.

Inventory:

Hand Weapons
 a - a +0 flail of holy wrath (weapon)
 x - a +0 morningstar
Armour
 b - a +0 helmet (worn)
 w - a +1 cloak (worn)
 J - a +0 scale mail (worn)
Jewellery
 g - a ring of sustain attributes (right hand)
 u - an uncursed ring of flight
Wands
 v - a wand of teleportation (8/9)
Scrolls
 d - 2 scrolls of recharging
 m - 3 scrolls of remove curse
 o - a scroll of teleportation
 q - 4 scrolls of identify
 s - 2 scrolls of fear
 D - 2 scrolls of magic mapping
 E - 2 scrolls of fog
Potions
 e - a potion of resistance
 f - 5 potions of curing
 j - 4 potions of heal wounds
 l - a potion of might
 t - 4 potions of lignification
 B - 3 potions of agility
 H - a potion of cure mutation
Comestibles
 c - 9 bread rations
 h - 6 chunks of flesh
 k - 9 slices of pizza
 p - 5 beef jerkies


   Skills:
 - Level 11.1 Fighting
 + Level 11.2 Maces & Flails
 + Level 3.7 Armour
 - Level 2.2 Dodging


You had 10 spell levels left.
You didn't know any spells.

Dungeon Overview and Level Annotations

Branches:
Dungeon (9/15)             Temple (0/1) D:6            Lair (1/8) D:9
    Orc: D:9-12

Altars:
Cheibriados
Elyvilon
Fedhas
Nemelex Xobeh
Pakellas
Qazlal
Trog
Xom
Zin

Shops:
D:4 !


Innate Abilities, Weirdness & Mutations

You have hooves in place of feet.
Armour fits poorly on your strangely shaped body.
You cover ground very quickly.
You have extremely tough skin (AC +3).


Message History

The spiny frog is lightly wounded.
The spiny frog stings you!!
* * * LOW HITPOINT WARNING * * *
You hit the spiny frog but do no damage.
The spiny frog is lightly wounded.
You bludgeon the spiny frog!! You kick the spiny frog!
The spiny frog is almost dead.
You feel sick. The spiny frog stings you!
* * * LOW HITPOINT WARNING * * *
You are more poisoned.
The spiny frog poisons you!
You hit the spiny frog.
The spiny frog is almost dead.
You feel sick.
You barely miss the spiny frog.
You kick the spiny frog, but do no damage.
The spiny frog is almost dead.
You feel sick. The spiny frog stings you!!
You die...

# ##..........⌠...⌠......#
# #.####..#...........#...
# #.# #.#..#.##...##.....#
###
###.###.##......#.......##
..#
#P##.....#.#.........####
..###
#.........###......#.#
#...# #..######.##
###+#.##. ###.# #.## #..#
.. #...## #.## #@##
..##.###.P# #F#
..##.....## #y# .##...=..#
####.# .........####.##S#
......##.........#
..#####P.###.F##.# .. #..
#y.#### > #.####†#


You could see a spiny frog, a wasp and an adder.

Vanquished Creatures
  The ghost of Kloppie the Basher, a novice OgBe of Trog (D:6)
  A hill giant (D:8)
  A wolf spider (Lair:1)
  Joseph (D:8)
  A komodo dragon (Lair:1)
  A centaur skeleton (D:8)
  A two-headed ogre (D:9)
  Sigmund (D:3)
  A yak (D:7)
  A human (D:7)
  A hungry ghost (D:9)
  3 hippogriffs
  3 porcupines (Lair:1)
  2 orc warriors
  An ice beast (D:8)
  2 phantoms
  6 ogres
  6 wolves (Lair:1)
  3 centaurs
  3 crocodiles (Lair:1)
  3 big kobolds
  7 giant frogs
  2 scorpions
  4 wights (D:8)
  2 crimson imps
  A centaur zombie (D:5)
  3 giant frog skeletons
  A jelly (D:6)
  2 orc priests
  3 hounds
  4 iguanas
  5 orc wizards
  4 worker ants
  3 sheep (D:7)
  A hound skeleton (D:5)
  A worker ant zombie (D:5)
  7 gnolls
  A howler monkey skeleton (D:7)
  6 river rats (Lair:1)
  10 adders
  2 shadow imps
  An adder skeleton (D:8)
  2 worms (D:2)
  2 dart slugs (D:2)
  4 giant geckos
  28 orcs
  6 giant cockroaches
  9 goblins
  12 hobgoblins
  18 jackals
  22 kobolds
  4 quokkas
  A ball python (D:2)
  14 bats
  3 giant newts
  A quokka skeleton (D:6)
  5 rats
244 creatures vanquished.

Vanquished Creatures (others)
  A centaur (D:9)
  2 fungi (Lair:1)
  A plant (Lair:1)
4 creatures vanquished.

Grand Total: 248 creatures vanquished

Notes
Turn   | Place    | Note
--------------------------------------------------------------
     0 | D:1      | Kloppie the Centaur Berserker began the quest for the Orb.
     0 | D:1      | Reached XP level 1. HP: 19/19 MP: 1/1
   341 | D:1      | Reached XP level 2. HP: 13/26 MP: 2/2
  1293 | D:2      | Reached XP level 3. HP: 22/31 MP: 3/3
  1535 | D:2      | Found a bloodstained altar of Trog.
  1546 | D:2      | Reached ** piety under Trog
  2009 | D:3      | Reached XP level 4. HP: 38/40 MP: 4/4
  2187 | D:3      | Noticed Sigmund
  2195 | D:3      | Killed Sigmund
  2195 | D:3      | Reached skill level 5 in Fighting
  2195 | D:3      | Reached XP level 5. HP: 48/48 MP: 5/5
  2558 | D:2      | Reached XP level 6. HP: 37/56 MP: 6/6
  2742 | D:3      | Reached *** piety under Trog
  2962 | D:3      | Found a faded altar to an unknown god.
  3106 | D:3      | Reached skill level 5 in Maces & Flails
  3391 | D:4      | Found an oddly glowing altar of Pakellas.
  3394 | D:4      | Found Siemiy's Distillery.
  3414 | D:4      | Reached XP level 7. HP: 48/62 MP: 7/7
  3450 | D:4      | Bought a potion of degeneration for 10 gold pieces
  3450 | D:4      | Bought a potion of heal wounds for 50 gold pieces
  3450 | D:4      | Bought a potion of berserk rage for 50 gold pieces
  3450 | D:4      | Bought a potion of brilliance for 40 gold pieces
  3450 | D:4      | Bought a potion of mutation for 25 gold pieces
  3488 | D:4      | Found a blossoming altar of Fedhas.
  3674 | D:4      | Found a sparkling altar of Nemelex Xobeh.
  3966 | D:5      | Entered Level 5 of the Dungeon
  5075 | D:6      | Reached XP level 8. HP: 48/73 MP: 8/8
  5269 | D:6      | Found a staircase to the Ecumenical Temple.
  5432 | D:6      | Reached **** piety under Trog
  5470 | D:6      | Noticed Kloppie's ghost (novice OgBe)
  5493 | D:6      | Killed Kloppie's ghost
  6129 | D:7      | Reached XP level 9. HP: 65/82 MP: 9/9
  6137 | D:7      | Received a gift from Trog
  7802 | D:7      | Reached skill level 10 in Fighting
  7859 | D:8      | Noticed a hill giant
  7872 | D:8      | Killed a hill giant
  8165 | D:8      | Reached XP level 10. HP: 92/94 MP: 10/10
  8179 | D:8      | Identified the Grimoire of Conjuration
  8215 | D:8      | Noticed Joseph
  8240 | D:8      | Killed Joseph
  8282 | D:8      | Reached skill level 10 in Maces & Flails
  9228 | D:9      | Found a staircase to the Lair.
  9258 | D:9      | Noticed an angel
  9259 | D:9      | Found a glowing silver altar of Zin.
  9260 | D:9      | Found a shimmering altar of Xom.
  9495 | D:9      | Found a stormy altar of Qazlal.
  9937 | D:9      | Found a white marble altar of Elyvilon.
 10130 | D:9      | Found a snail-covered altar of Cheibriados.
 10525 | Lair:1   | Entered Level 1 of the Lair of Beasts
 11474 | Lair:1   | Reached ***** piety under Trog
 11885 | Lair:1   | Noticed a spiny frog
 11892 | Lair:1   | Noticed a wolf spider
 11915 | Lair:1   | Killed a wolf spider
 11915 | Lair:1   | Reached XP level 11. HP: 38/102 MP: 11/11
 11920 | Lair:1   | Mangled by a spiny frog

Skill      XL: |  1  2  3  4  5  6  7  8  9 10 |
---------------+-------------------------------+-----
Maces & Flails | 3 4 5 6 8 9 11 | 11.2
Fighting       | 5 7 8 10 11 | 11.1
Dodging        | 2 |  2.2
Armour         | 3 |  3.7

Action                   |  1- 3 |  4- 6 |  7- 9 | 10-12 || total
-------------------------+-------+-------+-------+-------++-------
Melee: Mace              |   128 |    66 |       |       ||   194
       Kick              |    20 |    25 |   103 |    99 ||   247
       Flail             |       |    71 |   345 |   343 ||   759
Invok: Berserk           |       |     1 |     6 |     4 ||    11
       Trog's Hand       |       |     1 |     5 |     4 ||    10
  Use: Scroll            |       |       |    15 |     3 ||    18
  Eat: Chunk             |     3 |     5 |    20 |    13 ||    41
       Meat ration       |       |       |       |     1 ||     1
       Bread ration      |       |       |       |     1 ||     1
Armor: Animal skin       |    12 |       |       |       ||    12
       Ring mail         |    48 |    70 |    89 |       ||   207
       Scale mail        |       |       |    24 |   126 ||   150
Dodge: Dodged            |    67 |    79 |   123 |   120 ||   389
